 Dungeon Crawl Stone Soup version 0.32-a0-519-g08f29ac1c3 (webtiles) character file.

Game seed: 16440581190005850950

184 STP the Slasher (level 5, -1/41 HPs)
             Began as a Coglin Warper on Feb 27, 2024.
             Killed from afar by an orc wizard (7 damage)
             ... with a puff of flame
             ... on level 4 of the Dungeon.
             The game lasted 00:02:34 (2815 turns).

STP the Slasher (Coglin Warper)                     Turns: 2815, Time: 00:02:34

Health: -1/41      AC:  4    Str: 11    XL:     5   Next: 63%
Magic:  7/7        EV: 12    Int: 12    God:
Gold:   152        SH:  0    Dex: 16    Spells: 7/7 levels left

rFire   . . .        a - +0 falchion {Gustav}
rCold   . . .        f - +0 falchion {Kasem}
rNeg    . . .        b - +0 leather armour
rPois   .            (no helmet)
rElec   .            q - +0 cloak
rCorr   .            (no gloves)
SInv    .            (no boots)
Will    .....        (no amulet)
Stlth   +            (ring unavailable)
HPRegen 0.26/turn    (ring unavailable)
MPRegen 0.10/turn

%: no passive effects
@: confused, revved
A: off-hand wielding, slow wielding, warmup strikes, no rings
a: no special abilities


You were on level 4 of the Dungeon.
You visited 1 branch of the dungeon, and saw 4 of its levels.

You collected 152 gold pieces.

Inventory:

Hand Weapons
 a - a +0 falchion (weapon) {Gustav}
 f - a +0 falchion (offhand) {Kasem}
Missiles
 d - 7 darts of dispersal (quivered)
Armour
 b - a +0 leather armour (worn)
 q - a +0 cloak (worn)
Scrolls
 h - a scroll of noise {unknown}
 i - 2 scrolls of identify {unknown}
 k - a scroll of acquirement {unknown}
 m - 2 scrolls of immolation {unknown}
Potions
 e - a potion of berserk rage {unknown}
 g - a potion of degeneration {unknown}
 j - a potion of mutation {unknown}
 l - a potion of attraction {unknown}
 n - a potion of heal wounds {unknown}
 o - a potion of might {unknown}
 p - a potion of brilliance {unknown}


   Skills:
 + Level 3.5 Fighting
 * Level 4.7 Long Blades
 - Level 0.8 Throwing
 - Level 1.0 Armour
 - Level 1.8 Dodging
 - Level 1.7 Spellcasting
 - Level 3.0 Translocations


You had 7 spell levels left.
You didn't know any spells.
Your spell library contained the following spells:

 Spells                   Type           Power      Damage    Failure   Level
 Blink                    Tloc           16%        N/A       16%         2
 Lesser Beckoning         Tloc           16%        N/A       16%         2
 Teleport Other           Tloc           8%         N/A       32%         3
 Manifold Assault         Tloc           8%         N/A       71%         4
 Vhi's Electric Charge    Tloc/Air       8%         N/A       89%         4


Dungeon Overview and Level Annotations

Branches:
Dungeon (4/15)
 Temple: D:4-7

Altars:
Ashenzari

Annotations:
D:2 ignis
D:4 Edmund


Innate Abilities, Weirdness & Mutations

You can wield a second weapon in your off-hand.
It takes a long time for you to wield or remove held weapons.
Your first few attacks do less damage.
Your grasper-arms cannot wear rings.


Message History

The hobgoblin is heavily wounded.
You hit the hobgoblin with your +0 falchion.
The hobgoblin closely misses you.
You closely miss the hobgoblin with your +0 falchion.
The hobgoblin is almost dead.
You completely miss the hobgoblin with your +0 falchion.
The hobgoblin closely misses you.
You hit the hobgoblin with your +0 falchion.
You kill the hobgoblin!
The dart slug launches a dart at you.
The slug dart hits something but does no damage.
You hit something but do no damage. x2; Something hits you.
You completely miss something with your +0 falchion.
You hit something but do no damage. Something hits you.
You hit something but do no damage.
You barely miss something with your +0 falchion.
Something hits you.
You closely miss something with your +0 falchion.
You barely miss something with your +0 falchion.
You hear some strange, mumbled words.
A puff of flame appears from out of thin air!
The puff of flame hits you.
* * * LOW HITPOINT WARNING * * *
You miss something with your +0 falchion.
You hit something with your +0 falchion.
You hear some strange, mumbled words.
A magic dart appears from out of thin air!
The magic dart hits you.
* * * LOW HITPOINT WARNING * * *
Something barely misses you.
You hit something but do no damage.
You slash something with your +0 falchion!
You hear some strange, mumbled words.
You are confused.
You hit something with your +0 falchion.
You completely miss something with your +0 falchion.
You hear some strange, mumbled words.
A puff of flame appears from out of thin air!
The puff of flame hits you!
You die...

####### ....... # ######.
.. ..# ...# ...##
####################......
..............[.@{w...#
###################.### .
# ... #. .# #...? #. .#
#...# #.###.##### #...#
........... #..# #..@....#
... #<.....#


You could see a dart slug.

Vanquished Creatures
  A scorpion (D:4)
  3 gnolls (D:2)
  2 adders
  A dart slug (D:3)
  8 orcs
  9 ball pythons
  6 endoplasms
  5 giant cockroaches
  3 hobgoblins
  3 jackals (D:1)
  5 quokkas
  4 bats
  4 frilled lizards
  5 goblins
  5 kobolds
  4 rats
68 creatures vanquished.

Notes
Turn   | Place    | Note
-------+----------+-------------------------------------------
     0 | D:1      | STP the Coglin Warper began the quest for the Orb.
     0 | D:1      | Reached XP level 1. HP: 16/16 MP: 3/3
   119 | D:1      | Reached skill level 1 in Armour
   349 | D:1      | Reached XP level 2. HP: 22/22 MP: 4/4
   975 | D:2      | Reached skill level 3 in Long Blades
   975 | D:2      | Reached XP level 3. HP: 24/28 MP: 5/5
  1071 | D:2      | Reached XP level 4. HP: 8/34 MP: 6/6
  1509 | D:2      | Found a faded altar of an unknown god.
  1916 | D:3      | Found a broken altar of Ashenzari.
  2127 | D:3      | Reached skill level 4 in Long Blades
  2443 | D:3      | Reached XP level 5. HP: 37/41 MP: 7/7
  2481 | D:4      | Noticed Edmund
  2593 | D:4      | HP: 1/41 [Edmund/+1 flail of protection (5)]
  2815 | D:4      | Killed from afar by an orc wizard

Illustrated notes

Levels and vault maps discovered:
D:1:      ncdulo_smallfort, layout_basic
D:2:      cheibrodos_old_hovel, layout_loops_corners,
          shapermc_ecumenical_altar_venn
D:3:      layout_loops_ring, mainiacjoe_overflow_catwalk
D:4:      kennysheep_goblin_castle, layout_basic, minmay_temple_entry_tees,
          minivault_26, uniq_crazy_yiuf_cottage, uniq_edmund, uniq_sigmund

Skill      XL: |  1  2  3  4 |
---------------+-------------+-----
Armour         | 1 |  1.0
Long Blades    | 3 4 |  4.7
Fighting       | 3 |  3.5
Throwing       | |  0.8
Dodging        | |  1.8
Spellcasting   | |  1.7
Translocations | |  3.0

Action                     |  1- 3 |  4- 6 || total
---------------------------+-------+-------++-------
  Melee: Falchion          |    77 |   174 ||   251
    Use: Scroll            |       |     1 ||     1
   Stab: Sleeping          |     1 |       ||     1
 Armour: Leather armour    |    36 |    61 ||    97
  Dodge: Dodged            |    35 |    48 ||    83

Table legend: (Time is in decaauts)
 A = Elapsed time spent in this place.
 B = Non-inter-level travel time spent in this place.
 C = Inter-level travel time spent in this place.
 D = Time resting spent in this place.
 E = Time spent auto-exploring this place.
 F = Levels seen in this place.
 G = Mean time per level.
                   A        B        C        D        E       F      G
               +--------+--------+--------+--------+--------+-----+--------+
         Total |   2832 |   2549 |    283 |    252 |   1912 |   4 |  708.0 |
       Dungeon |   2832 |   2549 |    283 |    252 |   1912 |   4 |  708.0 |
               +--------+--------+--------+--------+--------+-----+--------+

Top non-repeatable levels by time:
     D:2: 1122 daAuts
     D:3: 817 daAuts
     D:1: 763 daAuts
     D:4: 128 daAuts
